 Dungeon Crawl Stone Soup version 0.21.1-1-g345015f (webtiles) character file.

178 Mirai the Skirmisher (level 5, -5/42 HPs)
             Began as a Demonspawn Fighter on Apr 6, 2018.
             Was an Initiate of Okawaru.
             Slain by an ogre
             ... wielding a +0 giant club
              (8 damage)
             ... on level 3 of the Dungeon.
             The game lasted 00:06:39 (1945 turns).

Mirai the Skirmisher (Demonspawn Fighter)           Turns: 1945, Time: 00:06:39

Health: -5/42      AC:  6    Str: 17    XL:     5   Next: 32%
Magic:  5/5        EV:  7    Int:  9    God:    Okawaru [......]
Gold:   147        SH: 12    Dex: 13    Spells: 4/4 levels left

rFire    + . .     SeeInvis .   a - +0 long sword
rCold    + . .     Gourm    .   j - +3 shield {rC+}
rNeg     . . .     Faith    .   b - +0 scale mail
rPois    .         Spirit   .   (no helmet)
rElec    .         Reflect  .   (no cloak)
rCorr    .         Harm     .   (no gloves)
MR       .....                  (no boots)
Stlth    ..........             (no amulet)
HPRegen  0.14/turn              e - ring of loudness (curse)
MPRegen  0.09/turn              (no ring)

@: no status effects
A: fire resistance 1, sturdy frame 1
a: Renounce Religion


You were on level 3 of the Dungeon.
You worshipped Okawaru.
Okawaru was noncommittal.
You were not hungry.

You visited 1 branch of the dungeon, and saw 3 of its levels.

You collected 147 gold pieces.

Inventory:

Hand Weapons
 a - a +0 long sword (weapon)
Armour
 b - a +0 scale mail (worn)
 j - a +3 shield of cold resistance (worn)
Jewellery
 e - a cursed ring of loudness (left hand)
 t - an uncursed ring of fire
Wands
 n - a wand of random effects (30)
Scrolls
 h - a scroll of teleportation {unknown}
 k - 2 scrolls of identify {unknown}
 m - 2 scrolls of amnesia {unknown}
 o - a scroll of fear {unknown}
 p - a scroll of immolation {unknown}
 r - a scroll of random uselessness {unknown}
 s - a scroll of noise {unknown}
Potions
 d - a potion of might
 i - 3 potions of mutation {unknown}
 l - 2 potions of curing {unknown}
 q - a potion of heal wounds {unknown}
Comestibles
 c - 5 chunks of flesh
 f - 3 rations


   Skills:
 + Level 3.9 Fighting
 + Level 2.9 Long Blades
 + Level 3.6 Armour
 + Level 3.6 Shields


You had 4 spell levels left.
You didn't know any spells.

Dungeon Overview and Level Annotations

Branches:
Dungeon (3/15)

Altars:
Okawaru
Ru


Innate Abilities, Weirdness & Mutations

Your flesh is heat resistant. (rF+)
Your movements are slightly less encumbered by armour. (ER -2)


Message History

c - 5 chunks of flesh (gained 2)
You see here a quokka skeleton.
A kobold comes into view.
The kobold shouts!
A kobold is nearby!
An ogre comes into view. It is wielding a giant club.
The ogre shouts!
Found a trident.
The ogre hits you with a giant club. The kobold barely misses you.
You riposte.
You closely miss the kobold. The ogre hits you with a giant club!
* * * LOW HITPOINT WARNING * * *
A frilled lizard comes into view.
You are too injured to fight recklessly!
As you read the scroll labeled CADUH VOCWELAL, it crumbles to dust.
It is a scroll of enchant armour.
Your +2 shield of cold resistance glows green for a moment.
The frilled lizard hisses angrily.
The kobold hits you but does no damage. The ogre hits you with a giant club!
You die...

. .. P #l #. #. #.
♣ ..♣♣♣♣♣.####. .
♣P..♣.P ♣...)K## .
..♣P..P ♣. #O@#
.♣. PPP♣.♣. ##.#
..♣♣.P♣ .P. #.#
♣...♣.♣♣♣P♣ #.#
..♣.P.♣...# #.#
...♣.♣....## #.#
#.♣♣.♣♣♣.÷.## #.#
'#.......♣♣.# #.#
†##.P♣♣♣♣..P####.#


You could see an ogre, a kobold and a frilled lizard.

Vanquished Creatures
  Jessica (D:2)
  Terence (D:2)
  2 gnolls (D:3)
  2 adders
  An ooze (D:2)
  2 worms
  2 dart slugs (D:1)
  2 leopard geckos
  5 orcs (D:3)
  A ball python (D:2)
  7 bats
  3 giant cockroaches
  5 hobgoblins
  4 jackals (D:2)
  5 quokkas
  3 frilled lizards
  6 goblins
  9 kobolds
  11 rats
72 creatures vanquished.

Notes
Turn   | Place    | Note
-------+----------+-------------------------------------------
     0 | D:1      | Mirai the Demonspawn Fighter began the quest for the Orb.
     0 | D:1      | Reached XP level 1. HP: 18/18 MP: 1/1
    72 | D:1      | Gained mutation: Your flesh is heat resistant. (rF+) [demonic ancestry]
    72 | D:1      | Reached XP level 2. HP: 24/24 MP: 2/2
   536 | D:2      | Reached XP level 3. HP: 15/29 MP: 3/3
   734 | D:2      | Noticed Terence
   750 | D:2      | Killed Terence
   750 | D:2      | Reached XP level 4. HP: 11/35 MP: 4/4
  1149 | D:2      | Noticed Jessica
  1162 | D:2      | Killed Jessica
  1581 | D:3      | Gained mutation: Your movements are slightly less encumbered by armour. (ER -2) [demonic ancestry]
  1581 | D:3      | Reached XP level 5. HP: 34/42 MP: 5/5
  1675 | D:3      | Found a sacrificial altar of Ru.
  1760 | D:3      | Found an iron altar of Okawaru.
  1768 | D:3      | Became a worshipper of Warmaster Okawaru
  1942 | D:3      | Noticed an ogre
  1945 | D:3      | Slain by an ogre

Skill      XL: |  1  2 |
---------------+-------+-----
Long Blades    | 2 |  2.9
Shields        | 3 |  3.6
Armour         | 3 |  3.6
Fighting       | |  3.9

Action                   |  1- 3 |  4- 6 || total
-------------------------+-------+-------++-------
Melee: Long sword        |   124 |   162 ||   286
  Use: Scroll            |       |     1 ||     1
  Eat: Chunk             |       |     4 ||     4
Armor: Scale mail        |    52 |    69 ||   121
Dodge: Dodged            |    32 |    51 ||    83
Block: Shield            |    68 |   109 ||   177
       Rpst.: Long sword |    13 |    10 ||    23
